 Dungeon Crawl Stone Soup version 0.26-a0-649-gf8c6c3aab7 (webtiles) character file.

Game seed: 11822624421315496803

1874 looop the Carver (level 8, -3/75 HPs)
             Began as a Palentonga Fighter on Sept 27, 2020.
             Was a Believer of Uskayaw.
             Slain by a killer bee (7 damage)
             ... on level 7 of the Dungeon.
             The game lasted 00:10:06 (6924 turns).

looop the Carver (Palentonga Fighter)               Turns: 6924, Time: 00:10:06

Health: -3/75      AC:  3    Str: 21    XL:     8   Next: 91%
Magic:  6/12       EV:  7    Int: 12    God:    Uskayaw [**....]
Gold:   400        SH:  9    Dex: 11    Spells: 7/7 levels left

rFire    + . .     SeeInvis +   a - +0 long sword
rCold    + + +     Faith    .   c - +0 kite shield
rNeg     . . .     Spirit   .   (no armour)
rPois    +         Reflect  .   (helmet restricted)
rElec    +         Harm     .   (no cloak)
rCorr    +         Rampage  .   (no gloves)
MR       .....                  (no barding)
Stlth    ..........             (no amulet)
HPRegen  0.22/turn              j - +4 ring of slaying
MPRegen  0.13/turn              z - ring "Eteyz" {Wiz rC+ Int+2 Stlth-}

@: resistant, stab, flying
A: large, antennae 1, rugged brown scales 3, see invisible, clever 1, cold
resistance 1, deformed body, subdued magic 1, roll, armoured tail
a: Rolling Charge, Stomp, Line Pass, Renounce Religion


You were on level 7 of the Dungeon.
You worshipped Uskayaw.
Uskayaw was noncommittal.
You visited 1 branch of the dungeon, and saw 7 of its levels.

You collected 400 gold pieces.

Inventory:

Hand Weapons
 a - a +0 long sword (weapon)
Armour
 c - a +0 kite shield (worn)
 n - a +0 helmet
 B - the +1 ring mail of the Orb Guardian {rF- rN+ Int+3}
   (You found it on level 6 of the Dungeon)

   It affects your intelligence (+3).
   It makes you vulnerable to fire.
   It protects you from negative energy.
Jewellery
 j - a +4 ring of slaying (left hand)
 z - the ring "Eteyz" (right hand) {Wiz rC+ Int+2 Stlth-}
   (You found it on level 4 of the Dungeon)

   [ring of wizardry]

   It improves your spell success rate.
   It affects your intelligence (+2).
   It protects you from cold.
   It makes you less stealthy.
Wands
 p - a wand of paralysis (6)
 y - a wand of polymorph (10)
Scrolls
 b - a scroll of noise {unknown}
 e - 2 scrolls of enchant weapon
 g - 3 scrolls of immolation
 k - 6 scrolls of remove curse
 m - a scroll of fog
 r - 8 scrolls of teleportation
 w - a scroll of magic mapping
 x - 2 scrolls of amnesia
 C - a scroll of fear {unknown}
 D - a scroll of enchant armour {unknown}
Potions
 d - 2 potions of might
 h - a potion of haste
 i - 2 potions of brilliance
 l - 3 potions of ambrosia
 o - 3 potions of stabbing
 q - a potion of cancellation
 s - 3 potions of curing
 u - 3 potions of mutation
 v - a potion of resistance


   Skills:
 + Level 6.5 Fighting
 * Level 8.5 Long Blades
 - Level 2.4 Armour
 - Level 2.4 Shields
 * Level 5.9 Invocations


You had 7 spell levels left.
You didn't know any spells.
Your spell library contained the following spells:

 Spells                   Type           Power        Failure   Level
 Beastly Appendage        Tmut           #.....       43%         1


Dungeon Overview and Level Annotations

Branches:
Dungeon (7/15)
 Temple: D:4-7

Altars:
Cheibriados
Elyvilon
Kikubaaqudgha
Nemelex Xobeh
Qazlal
Sif Muna
Uskayaw
Vehumet
Xom

Shops:
D:4 (   D:7 [


Innate Abilities, Weirdness & Mutations

You are completely covered in rugged brown scales. (AC +3, +7% HP)
You have supernaturally acute eyesight. (SInv)
Armour fits poorly on your strangely shaped body.
You can roll at foes to attack.
You have a long armoured tail.
You have a pair of small antennae on your head.
Your mind is acute. (Int +2)
Your flesh is cold resistant. (rC+)
Your spells are a little easier to cast, but a little less powerful.


Message History

The killer bee stings you.
* * * LOW HITPOINT WARNING * * *
The killer bee stings you.
* * * LOW HITPOINT WARNING * * *
You stomp with the beat, sending a shockwave through the revelers around you!
The hound is severely wounded.
You kill the killer bee!
The killer bee is almost dead.
You can no longer pass through a line of other dancers.
The killer bee stings you.
* * * LOW HITPOINT WARNING * * *
You are poisoned.
The killer bee poisons you! The hound bites you.
* * * LOW HITPOINT WARNING * * *
You block the killer bee's attack. The hound bites you but does no damage.
You can now pass through a line of other dancers.
You feel better. You block the hound's attack. The killer bee stings you!
* * * LOW HITPOINT WARNING * * *
The killer bee stings you!
You die...

### ###.# . ###..### #..
##......##### ###....
##...........###.......
#.............yy.......
###.............@h.......
#...........#########....
...........## ...
.####.......## .. . ##
#...##...## ...
#...####..### #..# #..##
##...###..# ##..#
##.......# #..##
##......#


You could see a hound and 2 killer bees.

Vanquished Creatures
  Joseph (D:7)
  Duvessa (D:5)
  3 ogres (D:5)
  A phantom (D:7)
  An eye of draining (D:4)
  2 centaurs
  Dowan (D:5)
  3 scorpions
  2 killer bees (D:7)
  A hound (D:4)
  An orc wizard (D:4)
  2 centaur skeletons
  5 worker ants
  A worker ant zombie (D:3)
  8 gnolls
  8 adders
  3 shadow imps
  3 white imps
  An ufetubus (D:4)
  An adder skeleton (D:6)
  4 worms
  A dart slug (D:3)
  2 leopard geckos
  20 orcs
  4 ball pythons (D:3)
  11 bats
  4 giant cockroaches
  11 hobgoblins
  3 jackals (D:3)
  3 quokkas
  2 frilled lizards
  9 goblins
  15 kobolds
  4 rats
142 creatures vanquished.

Notes
Turn   | Place    | Note
-------+----------+-------------------------------------------
     0 | D:1      | looop the Palentonga Fighter began the quest for the Orb.
     0 | D:1      | Reached XP level 1. HP: 20/20 MP: 1/1
   189 | D:1      | Reached XP level 2. HP: 11/27 MP: 2/2
  1159 | D:2      | You fall into a shaft and drop 1 floor!
  1201 | D:3      | Reached skill level 3 in Long Blades
  1216 | D:3      | Reached XP level 3. HP: 16/33 MP: 3/3
  1240 | D:3      | Reached XP level 4. HP: 22/42 MP: 4/4
  1247 | D:3      | Reached skill level 4 in Long Blades
  1484 | D:3      | Reached XP level 5. HP: 48/49 MP: 5/5
  1541 | D:3      | Found a shimmering altar of Xom.
  2756 | D:2      | Reached skill level 5 in Long Blades
  2992 | D:3      | Found a shimmering blue altar of Sif Muna.
  2992 | D:3      | Found an ancient bone altar of Kikubaaqudgha.
  2994 | D:3      | Found a radiant altar of Vehumet.
  2998 | D:3      | Identified Sif Muna's Collected Works on Transformation
  3326 | D:4      | Got a slimy lead ring
  3327 | D:4      | Found a white marble altar of Elyvilon.
  3329 | D:4      | Identified the ring "Eteyz" {Wiz rC+ Int+2 Stlth-} (You
                  | found it on level 4 of the Dungeon)
  3369 | D:4      | Noticed a centaur
  3376 | D:4      | Killed a centaur
  3376 | D:4      | Reached XP level 6. HP: 43/56 MP: 6/6
  3458 | D:4      | Found Kuawiuci's Weapon Shoppe.
  3606 | D:4      | Reached skill level 5 in Fighting
  3606 | D:4      | Reached skill level 6 in Long Blades
  3805 | D:4      | Reached XP level 7. HP: 65/65 MP: 7/7
  3859 | D:4      | Found a hide-covered altar of Uskayaw.
  3866 | D:4      | Found a sparkling altar of Nemelex Xobeh.
  3928 | D:4      | Became a worshipper of Uskayaw the Reveler
  3972 | D:5      | Entered Level 5 of the Dungeon
  4103 | D:5      | Reached * piety under Uskayaw
  4124 | D:5      | Reached skill level 1 in Invocations
  4124 | D:5      | Reached ** piety under Uskayaw
  4130 | D:5      | Reached *** piety under Uskayaw
  4354 | D:5      | Found a stormy altar of Qazlal.
  4595 | D:5      | Noticed Dowan
  4596 | D:5      | Noticed Duvessa
  4605 | D:5      | Killed Duvessa
  4605 | D:5      | Reached skill level 7 in Long Blades
  4606 | D:5      | Killed Dowan
  4606 | D:5      | Reached **** piety under Uskayaw
  4712 | D:5      | Reached XP level 8. HP: 60/74 MP: 10/10
  5420 | D:6      | Got a scorched ring mail
  5436 | D:6      | Identified the cursed +1 ring mail of the Orb Guardian {rF-
                  | rN+ Int+3} (You found it on level 6 of the Dungeon)
  5469 | D:6      | Found a snail-covered altar of Cheibriados.
  5963 | D:7      | Noticed Joseph
  5985 | D:7      | Killed Joseph
  5985 | D:7      | Reached skill level 8 in Long Blades
  5985 | D:7      | Reached skill level 5 in Invocations
  6259 | D:7      | Found Dups's Antique Armour Boutique.
  6265 | D:7      | Got an ancient robe
  6277 | D:7      | Identified the cursed +0 robe of Fedhas's Approval {Rampage
                  | rCorr Dex-2 Stlth+} (You found it on level 7 of the
                  | Dungeon)
  6914 | D:7      | Gained mutation: Your mind is acute. (Int +2) [potion of
                  | mutation]
  6914 | D:7      | Gained mutation: Your spells are a little easier to cast,
                  | but a little less powerful. [potion of mutation]
  6914 | D:7      | Gained mutation: Your flesh is cold resistant. (rC+)
                  | [potion of mutation]
  6914 | D:7      | Gained mutation: You have a pair of small antennae on your
                  | head. [potion of mutation]
  6924 | D:7      | Slain by a killer bee

Illustrated notes

Levels and vault maps discovered:
D:1:      dpeg_arrival_boxes_within_box, layout_basic, serial_forest,
          infiniplex_forest_clump_long, infiniplex_forest_end_3,
          infiniplex_forest_lined_ring, infiniplex_forest_clump_medium,
          infiniplex_forest_corner_1, infiniplex_forest_clump_diagonal,
          infiniplex_forest_corner_1, infiniplex_forest_lined_corner,
          infiniplex_forest_fountain, minmay_hexomino_f4
D:2:      layout_loops_corners
D:3:      layout_basic, grunt_temple_overflow_magic_moments, tgw_xom,
          minmay_joined_circles
D:4:      layout_basic, elyvilon_altar_4, amethyst_overflow_temple_binary,
          serial_shops, shop_fountains, kennysheep_generic_room_11
D:5:      layout_basic, basic_altar, uniq_duvessa
D:6:      layout_cave_pools, slow_altar_1
D:7:      layout_layer_cave, minmay_temple_entry_fiery, serial_glass,
          glass_columns_a, glass_columns_b, serial_shops, nicolae_shop_crystal,
          kennysheep_another_room, uniq_joseph

Skill      XL: |  1  2  3  4  5  6  7  8 |
---------------+-------------------------+-----
Long Blades    | 3 4 5 6 7 8 |  8.5
Fighting       | 4 5 6 |  6.5
Invocations    | 3 5 |  5.9
Armour         | |  2.4
Shields        | |  2.4

Action                   |  1- 3 |  4- 6 |  7- 9 || total
-------------------------+-------+-------+-------++-------
Melee: Long sword        |    93 |   142 |   104 ||   339
       Tailslap          |    14 |    13 |    12 ||    39
Invok: Stomp             |       |       |     5 ||     5
 Abil: Rolling Charge    |    10 |    38 |    19 ||    67
  Use: Potion            |     1 |       |     8 ||     9
       Scroll            |       |     6 |     9 ||    15
 Stab: Paralysed         |       |       |     4 ||     4
Armor: Scale mail        |    41 |    60 |    14 ||   115
       Ring mail         |       |       |     8 ||     8
       Skin              |       |       |     7 ||     7
       Robe              |       |       |     2 ||     2
Dodge: Dodged            |    17 |    22 |    27 ||    66
Block: Kite shield       |    35 |    54 |    38 ||   127
       Rpst.: Long sword |     9 |     4 |    12 ||    25

Table legend: (Time is in decaauts)
 A = Elapsed time spent in this place.
 B = Non-inter-level travel time spent in this place.
 C = Inter-level travel time spent in this place.
 D = Time resting spent in this place.
 E = Time spent auto-exploring this place.
 F = Levels seen in this place.
 G = Mean time per level.
                   A        B        C        D        E       F      G
               +--------+--------+--------+--------+--------+-----+--------+
         Total |   7006 |   6816 |    190 |    266 |   5621 |   7 | 1000.9 |
       Dungeon |   7006 |   6816 |    190 |    266 |   5621 |   7 | 1000.9 |
               +--------+--------+--------+--------+--------+-----+--------+

Top non-repeatable levels by time:
     D:5: 1398 daAuts
     D:3: 1392 daAuts
     D:1: 1179 daAuts
     D:7: 964 daAuts
     D:4: 743 daAuts
     D:2: 730 daAuts
     D:6: 598 daAuts
